 Dungeon Crawl Stone Soup version 0.21.1-1-g345015f (webtiles) character file.

110 cultivahabas the Magician (level 4, -1/24 HPs)
             Began as a Deep Elf Wizard on May 4, 2018.
             Slain by a centaur skeleton (8 damage)
             ... on level 3 of the Dungeon.
             The game lasted 00:20:08 (4261 turns).

cultivahabas the Magician (Deep Elf Wizard)         Turns: 4261, Time: 00:20:09

Health: -1/24      AC:  2    Str:  4    XL:     4   Next: 61%
Magic:  3/13       EV: 13    Int: 24    God:
Gold:   157        SH:  0    Dex: 13    Spells: 5/13 levels left

rFire    . . .     SeeInvis .   (no weapon)
rCold    . . .     Gourm    .   (no shield)
rNeg     . . .     Faith    .   a - +0 robe
rPois    .         Spirit   .   b - +0 hat
rElec    .         Reflect  .   (no cloak)
rCorr    .         Harm     .   (no gloves)
MR       .....                  (no boots)
Stlth    ++........             (no amulet)
HPRegen  0.08/turn              (no ring)
MPRegen  0.13/turn              (no ring)

@: very slightly contaminated
A: no striking features
a: no special abilities


You were on level 3 of the Dungeon.
You were not hungry.

You visited 1 branch of the dungeon, and saw 3 of its levels.

You collected 157 gold pieces.

Inventory:

Missiles
 h - 105 stones (quivered)
Armour
 a - a +0 robe (worn)
 b - a +0 hat (worn)
Jewellery
 f - an uncursed amulet of the gourmand {unknown}
Scrolls
 e - a scroll of teleportation {unknown}
 g - a scroll of amnesia {unknown}
 k - 3 scrolls of identify {unknown}
 l - 2 scrolls of remove curse {unknown}
 n - 2 scrolls of magic mapping {unknown}
 o - 2 scrolls of fog {unknown}
 p - 3 scrolls of immolation {unknown}
 q - a scroll of fear {unknown}
 s - a scroll of blinking {unknown}
Potions
 i - 2 potions of agility {unknown}
 j - 2 potions of lignification {unknown}
 m - a potion of flight {unknown}
 r - 2 potions of might {unknown}
 t - a potion of degeneration {unknown}
Books
 c - a book of Minor Magic

   Spells                             Type                      Level
   a - Magic Dart                     Conjuration                  1
   b - Blink                          Translocation                2
   c - Call Imp                       Summoning                    2
   d - Slow                           Hexes                        2
   e - Conjure Flame                  Conjuration/Fire             3
   f - Mephitic Cloud                 Conjuration/Poison/Air       3
Comestibles
 d - a chunk of flesh
 u - a ration


   Skills:
 - Level 2.4 Dodging
 - Level 2.4 Stealth
 + Level 5.3 Spellcasting
 - Level 3.5 Conjurations
 * Level 2.1 Summonings
 - Level 1.1 Translocations
 * Level 0.8 Fire Magic


You had 5 spell levels left.
You knew the following spells:

 Your Spells              Type           Power        Failure   Level  Hunger
a - Magic Dart            Conj           ###.         1%          1    None
b - Blink                 Tloc           N/A          9%          2    None
c - Call Imp              Summ           ###.....     5%          2    None
d - Conjure Flame         Conj/Fire      ###.....     11%         3    ##.....


Dungeon Overview and Level Annotations

Branches:
Dungeon (3/15)

Altars:
Ashenzari
Qazlal
Uskayaw
The Shining One


Message History

You hit the centaur skeleton.
The centaur skeleton is moderately damaged.
The centaur skeleton hits you.
Your white imp gestures at the centaur skeleton.
The puff of frost hits the centaur skeleton.
The centaur skeleton resists.
The centaur skeleton hits you.
* * * LOW HITPOINT WARNING * * *
Your white imp hits the centaur skeleton.
Your white imp freezes the centaur skeleton.
The centaur skeleton completely resists.
The centaur skeleton hits your white imp.
Your white imp dies!
Casting: Call Imp
Confirm with . or Enter, or press ? or * to list all spells.
A beastly little devil appears in a puff of flame.
Unknown command.
Number of times to repeat, then command key: You must enter the number of times for the command to repeat.
The centaur skeleton hits you!
You die...

..############ $....
.............####### .....
..###.............(.......
..# #.........# #..#......
.####.....>..# ##.#.......
....####..#### #..=.......
###...##..### #....#.%...
...##....(..####Z#####....
...#####..#.....@......# #
##.....#..####...5####..
##...........##....#
##....>......###.#
#####.......#.# .#
##...........#... #
.............#.....
##....>............#
#............####.#


You could see a centaur skeleton and a friendly crimson imp.

Vanquished Creatures
  4 adders
  An ooze (D:1)
  A worm (D:2)
  A dart slug (D:3)
  2 orcs
  10 bats
  2 giant cockroaches (D:1)
  5 goblins
  4 hobgoblins
  3 jackals
  4 kobolds
  3 ball pythons
  6 frilled lizards
  9 rats
55 creatures vanquished.

Vanquished Creatures (collateral kills)
  A worm (D:2)
  2 leopard geckos
  A hobgoblin (D:2)
  3 jackals (D:2)
  A rat (D:2)
8 creatures vanquished.

Grand Total: 63 creatures vanquished

Notes
Turn   | Place    | Note
-------+----------+-------------------------------------------
     0 | D:1      | cultivahabas the Deep Elf Wizard began the quest for the Orb.
     0 | D:1      | Reached XP level 1. HP: 10/10 MP: 7/7
   592 | D:1      | Reached XP level 2. HP: 11/15 MP: 3/9
  1360 | D:1      | Reached XP level 3. HP: 19/19 MP: 7/11
  1370 | D:1      | Learned a level 2 spell: Blink
  1373 | D:1      | Learned a level 2 spell: Call Imp
  1883 | D:2      | Reached skill level 5 in Spellcasting
  3167 | D:2      | Reached XP level 4. HP: 24/24 MP: 10/13
  3172 | D:2      | Learned a level 3 spell: Conjure Flame
  4158 | D:3      | Found a glowing golden altar of the Shining One.
  4165 | D:3      | Found a shattered altar of Ashenzari.
  4166 | D:3      | Found a hide-covered altar of Uskayaw.
  4169 | D:3      | Found a stormy altar of Qazlal.
  4261 | D:3      | Slain by a centaur skeleton

Skill      XL: |  1  2  3  4 |
---------------+-------------+-----
Conjurations   | 2 3 |  3.5
Spellcasting   | 5 |  5.3
Summonings     | 2 |  2.1
Dodging        | |  2.4
Stealth        | |  2.4
Translocations | |  1.1
Fire Magic     | |  0.8

Action                   |  1- 3 |  4- 6 || total
-------------------------+-------+-------++-------
Melee: Unarmed           |     9 |     5 ||    14
 Cast: Magic Dart        |    89 |    36 ||   125
       Blink             |     5 |     3 ||     8
       Call Imp          |     2 |     4 ||     6
  Use: Potion            |     1 |       ||     1
  Eat: Chunk             |     5 |     2 ||     7
       Ration            |     1 |       ||     1
Armor: Robe              |     6 |       ||     6
Dodge: Dodged            |    32 |    22 ||    54
